 Dungeon Crawl Stone Soup version 0.17-a0-1037-gbf358b4 (webtiles) character file.

13060 wotan the Brawler (level 12, -3/84 (85) HPs)
             Began as a Ghoul Warper on May 14, 2015.
             Was a High Priest of Makhleb.
             Slain by a spiny frog (17 damage)
             ... on level 3 of the Lair of Beasts.
             The game lasted 01:32:49 (13842 turns).

wotan the Brawler (Ghoul Warper)                   Turns: 13842, Time: 01:32:51

HP:   -3/84 (85)    AC: 13    Str: 16    XL:     12   Next: 2%
MP:   11/15         EV: 11    Int:  8    God:    Makhleb [*****.]
Gold: 685           SH:  0    Dex: 12    Spells: 2 memorised, 13 levels left

rFire  + . .     SeeInvis .       - Unarmed
rCold  + . .     Clarity  .     x - +3 ring mail {rF+}
rNeg   + + +     SustAb   .     (no shield)
rPois  ∞         Gourm    .     H - +2 hat
rElec  .         Spirit   .     (no cloak)
rCorr  .         Warding  .     (no gloves)
rMut   .         Stasis   .     n - +2 pair of boots
MR     .....                    (no amulet)
Stlth  +.........               L - ring of teleport control
                                J - ring of positive energy

@: rotting, not resistant to hostile enchantments, very unstealthy
A: rotting body, claws 1, carnivore 3, cold resistance 1, negative energy
resistance 3, slow healing 1, torment resistance, unbreathing
a: Minor Destruction, Lesser Servant of Makhleb, Major Destruction, Greater
Servant of Makhleb, Renounce Religion, Evoke Teleport Control


You were on level 3 of the Lair of Beasts.
You worshipped Makhleb.
Makhleb was extremely pleased with you.
You were not hungry.

You visited 3 branches of the dungeon, and saw 13 of its levels.
You also visited: Sewer.

You collected 685 gold pieces.

Inventory:

Missiles
 d - a tomahawk of dispersal
 t - 2 silver tomahawks
 u - 21 tomahawks (quivered)
Armour
 n - a +2 pair of boots (worn)
 r - a +0 plate armour
 x - a +3 ring mail of fire resistance (worn)
 y - a +0 large shield
 E - a +2 leather armour of magic resistance
 H - a +2 hat (worn)
Jewellery
 J - a ring of positive energy (left claw)
 L - a ring of teleport control (right claw)
Magical devices
 G - a wand of frost (21)
 K - a wand of fire (6)
 N - a wand of paralysis (14)
 P - a wand of flame (17)
 U - a wand of fire (9)
Scrolls
 f - 2 scrolls of enchant weapon
 j - 6 scrolls of teleportation
 k - 2 scrolls of amnesia
 q - 3 scrolls of enchant armour
 v - a scroll of fear
 z - 4 scrolls of remove curse
 D - 2 scrolls of recharging
 F - a scroll of magic mapping
Potions
 c - a potion of cancellation
 g - 11 potions of curing
 h - 4 potions of flight
 i - a potion of invisibility
 o - 4 potions of brilliance
 p - 2 potions of haste
 s - 6 potions of agility
 w - 3 potions of might
 A - 3 potions of berserk rage
 B - 3 potions of poison {unknown}
 I - a potion of ambrosia
 S - a potion of resistance {unknown}
Books
 b - a book of Spatial Translocations

   Spells                             Type                      Level
   a - Apportation                    Translocation                1
   b - Blink                          Translocation                2
   c - Shroud of Golubria             Charms/Translocation         2
   d - Portal Projectile              Translocation                3
   e - Teleport Other                 Translocation                3
   f - Passage of Golubria            Translocation                4
 m - a book of Debilitation

   Spells                             Type                      Level
   a - Corona                         Hexes                        1
   b - Slow                           Hexes                        2
   c - Gell's Gravitas                Hexes/Translocation          3
   d - Inner Flame                    Hexes/Fire                   3
   e - Cause Fear                     Hexes                        4
   f - Leda's Liquefaction            Hexes/Earth                  4
 M - a book of Party Tricks

   Spells                             Type                      Level
   a - Summon Butterflies             Summoning                    1
   b - Apportation                    Translocation                1
   c - Tukima's Dance                 Hexes                        3
   d - Alistair's Intoxication        Transmutation/Poison         4
   e - Invisibility                   Hexes                        6
 O - a book of Enchantments

   Spells                             Type                      Level
   a - Cause Fear                     Hexes                        4
   b - Silence                        Hexes/Air                    5
   c - Deflect Missiles               Charms/Air                   6
   d - Haste                          Charms                       6
   e - Discord                        Hexes                        8
 Q - a book of the Warp

   Spells                             Type                      Level
   a - Recall                         Summoning/Translocation      3
   b - Gell's Gravitas                Hexes/Translocation          3
   c - Control Teleport               Charms/Translocation         4
   d - Force Lance                    Conjuration/Translocation    4
   e - Phase Shift                    Translocation                5
   f - Warp Weapon                    Charms/Translocation         5
   g - Summon Forest                  Summoning/Translocation      5
Miscellaneous
 V - a disc of storms
Comestibles
 a - 5 beef jerkies
 e - 10 meat rations
 l - 2 royal jellies
 C - 2 slices of pizza


   Skills:
 - Level 2.1 Fighting
 - Level 0.8 Throwing
 - Level 0.8 Armour
 - Level 1.7 Dodging
 + Level 17.0 Unarmed Combat
 - Level 2.9 Spellcasting
 + Level 8.5 Translocations


You had 13 spell levels left.
You knew the following spells:

 Your Spells              Type           Power        Failure   Level  Hunger
a - Apportation           Tloc           ##........   1%          1    ##.....
b - Blink                 Tloc           N/A          3%          2    ###....


Dungeon Overview and Level Annotations

Branches:
Dungeon (9/15)             Temple (1/1) D:6            Lair (3/8) D:9
  Swamp: Lair:3-6    Shoals: Lair:3-6     Snake: Lair:3-6    Spider: Lair:3-6
    Orc: D:9-12

Altars:
Ashenzari
Cheibriados
Dithmenos
Elyvilon
Fedhas
Gozag
Kikubaaqudgha
Makhleb
Nemelex Xobeh
Okawaru
Qazlal
Ru
Sif Muna
Trog
Vehumet
Xom
Yredelemnul
Zin
The Shining One

Shops:
D:4 [   D:7 (   D:9 *

Annotations:
D:4 Grinder


Innate Abilities, Weirdness & Mutations

Your body is rotting away.
You thrive on raw meat.
You are immune to poison.
You have sharp fingernails.
You are carnivorous and can eat meat at any time.
Your flesh is cold resistant.
You are immune to negative energy.
You heal slowly when monsters are visible.
You are immune to unholy pain and torment.
You can survive without breathing.


Message History

The hell rat bites you. x2
A spiny frog comes into view.
The hell rat barely misses you. The hell rat bites you!
* * * LOW HITPOINT WARNING * * *
Casting: Blink
Confirm with . or Enter, or press ? or * to list all spells.
You blink.
The electric eel shoots out a bolt of lightning at you!
The bolt of electricity hits the fungus.
The bolt of electricity hits you!
* * * LOW HITPOINT WARNING * * *
Found 14 poisoned needles.
Casting: Blink
Confirm with . or Enter, or press ? or * to list all spells.
You blink.
The electric eel shoots out a bolt of lightning at you!
The bolt of electricity misses you. The hell rat bites you.
* * * LOW HITPOINT WARNING * * *
The spiny frog stings you!
You die...

###...%P%.%#.≈≈#
####P....%.%..##≈≈##
#.............##≈≈≈##+##
'........%....##.≈≈≈≈.≈≈≈≈(
P..%...........#..≈≈≈.;≈≈..
#..............#...........
#............§r............
..............#rr....$.....
######'.#P.P####@F.........
#.##.P## #.#+.P...# ##...##
###..§##.# ###..#..#. ##.##
#.......... ##
##..........#
##...........#
..#..........#
.......#+.....


You could see a spiny frog, 3 hell rats and an electric eel.

Vanquished Creatures
  A griffon (Lair:3)
  2 black mambas (Lair:2)
  4 komodo dragons
  2 spiny frogs
  A spriggan (D:8)
  Sigmund (D:5)
  A deep elf mage (D:4)
  13 yaks
  A basilisk (Lair:2)
  9 wolves
  2 hippogriffs
  Menkaure (D:4)
  5 water moccasins
  Edmund (D:4)
  2 porcupines
  A black bear (D:8)
  5 sky beasts
  3 ice beasts
  A centaur (D:5)
  2 ogres
  A necrophage (D:5)
  3 orc warriors
  5 giant frogs
  The ghost of Viceroy the Sneak, an average OpAs (D:3)
  5 big kobolds
  5 crocodiles (Lair:1)
  Blork the orc (D:4)
  3 scorpions
  8 wights
  6 killer bees
  3 crimson imps
  5 hounds
  A giant frog zombie (D:6)
  A quasit (D:7)
  2 gnoll shamans (D:9)
  3 giant frog skeletons
  2 jellies (D:7)
  7 orc priests
  4 orc wizards
  12 worker ants
  9 iguanas
  A hell rat (Lair:3)
  5 sheep (Lair:1)
  2 hound skeletons
  A hound zombie (D:9)
  A worker ant zombie (D:8)
  A mummy (D:8)
  20 adders
  23 river rats
  17 gnolls
  A shadow imp (D:5)
  4 oozes
  An adder zombie (D:5)
  5 worms
  2 adder skeletons
  38 orcs
  3 bat zombies
  19 goblins
  19 hobgoblins
  5 jackals
  4 quokkas
  4 ball pythons
  11 bats
  9 giant cockroaches
  5 giant geckos
  5 giant newts
  A hobgoblin zombie (D:8)
  A jackal zombie (D:6)
  40 kobolds
  2 kobold zombies (D:8)
  An orc zombie (D:8)
  A quokka skeleton (D:4)
  19 rats
416 creatures vanquished.

Vanquished Creatures (others)
  A hell rat (Lair:3)
  A fungus (Lair:3)
  A plant (Lair:3)
3 creatures vanquished.

Grand Total: 419 creatures vanquished

Notes
Turn   | Place    | Note
--------------------------------------------------------------
     0 | D:1      | wotan the Ghoul Warper began the quest for the Orb.
     0 | D:1      | Reached XP level 1. HP: 17/17 MP: 2/2
   326 | D:1      | Reached XP level 2. HP: 22/24 MP: 3/3
   447 | D:1      | Reached skill level 3 in Translocations
   887 | D:1      | Reached XP level 3. HP: 19/28 MP: 5/5
  1716 | D:2      | Reached XP level 4. HP: 33/36 MP: 6/6
  2295 | D:3      | Reached XP level 5. HP: 27/40 MP: 8/8
  2410 | D:3      | Reached skill level 4 in Unarmed Combat
  2754 | D:3      | Found a glowing drain.
  2799 | Sewer    | Entered a sewer
  3299 | D:3      | Noticed Viceroy's ghost (average OpAs)
  3318 | D:3      | Killed Viceroy's ghost
  3318 | D:3      | Reached skill level 5 in Unarmed Combat
  3318 | D:3      | Reached XP level 6. HP: 40/48 MP: 9/9
  3634 | D:4      | Learned a level 2 spell: Blink
  3635 | D:4      | Noticed Grinder
  3697 | D:4      | Reached skill level 6 in Unarmed Combat
  3723 | D:4      | Paralysed by Grinder for 7 turns
  3742 | D:5      | Entered Level 5 of the Dungeon
  3895 | D:5      | Reached XP level 7. HP: 34/55 MP: 10/10
  4052 | D:5      | Noticed Sigmund
  4130 | D:6      | Reached skill level 7 in Unarmed Combat
  4216 | D:6      | Got a distressingly furry chain mail
  4228 | D:6      | Identified the +2 chain mail "Jowah" {*Corrode rC+ Dex+4} (You found it on level 6 of the Dungeon)
  4348 | D:6      | Reached skill level 8 in Unarmed Combat
  4357 | D:6      | Found a staircase to the Ecumenical Temple.
  4424 | Temple   | Entered the Ecumenical Temple
  5124 | D:5      | Reached XP level 8. HP: 57/61 MP: 11/11
  5266 | D:5      | Reached skill level 9 in Unarmed Combat
  5289 | D:5      | Found a runed door.
  5311 | D:5      | Found a runed door.
  5374 | D:4      | Found Itask's Armour Shoppe.
  5395 | D:4      | Reached skill level 10 in Unarmed Combat
  5912 | D:4      | Noticed Blork the orc
  5917 | D:4      | Killed Blork the orc
  6075 | D:4      | Noticed Menkaure
  6080 | D:4      | Killed Menkaure
  6134 | D:4      | Reached skill level 11 in Unarmed Combat
  6144 | D:4      | Noticed Edmund
  6157 | D:4      | Killed Edmund
  6359 | D:4      | Found a shadowy altar of Dithmenos.
  6457 | D:4      | Reached XP level 9. HP: 57/66 MP: 12/12
  6728 | D:5      | Killed Sigmund
  6728 | D:5      | Reached skill level 12 in Unarmed Combat
  7139 | D:6      | Found a sacrificial altar of Ru.
  7139 | D:6      | Found an opulent altar of Gozag.
  8059 | D:7      | Reached skill level 13 in Unarmed Combat
  8267 | D:7      | Found Xusat's Antique Weapon Emporium.
  8415 | D:7      | Found a burning altar of Makhleb.
  8509 | D:7      | Became a worshipper of Makhleb the Destroyer
  8530 | D:7      | Reached XP level 10. HP: 43/72 MP: 13/13
  8693 | D:8      | Reached skill level 14 in Unarmed Combat
  8868 | D:8      | Acquired Makhleb's first power
  8971 | D:8      | Found a snail-covered altar of Cheibriados.
  9485 | D:9      | Acquired Makhleb's second power
  9640 | D:9      | Reached skill level 15 in Unarmed Combat
  9984 | D:9      | Found a staircase to the Lair.
  9995 | D:9      | Found a shattered altar of Ashenzari.
 10042 | D:9      | Acquired Makhleb's third power
 10076 | D:9      | Found Ihavueqi's Assorted Antiques.
 10340 | D:9      | Found a white marble altar of Elyvilon.
 10355 | D:9      | Found a stormy altar of Qazlal.
 10596 | Lair:1   | Entered Level 1 of the Lair of Beasts
 10613 | D:9      | Reached skill level 5 in Translocations
 10659 | Lair:1   | Reached XP level 11. HP: 38/79 MP: 14/14
 11348 | Lair:1   | Acquired Makhleb's fourth power
 11372 | Lair:1   | Reached skill level 16 in Unarmed Combat
 12089 | Lair:1   | HP: 3/79 [water moccasin (8)]
 13417 | Lair:3   | Found a shimmering altar of Xom.
 13584 | Lair:3   | Acquired Makhleb's fifth power
 13584 | Lair:3   | Reached skill level 17 in Unarmed Combat
 13587 | Lair:3   | Reached XP level 12. HP: 84/84 MP: 15/15
 13842 | Lair:3   | Slain by a spiny frog

Vault maps used:
D:1:      saegor_arrival_simple_b, kennysheep_flooded_box,
          minmay_misc_feat_diagonals
D:3:      portal_sewer_entry_a, first_bread, minmay_large_rounded_square,
          minmay_misc_feat_plants, minmay_misc_feat_iff
D:4:      corexii_shantytown, serial_shops, shop,
          grunt_dithmenos_smoke_and_mirrors, uniq_blork_the_orc, uniq_menkaure,
          uniq_edmund, uniq_grinder
D:5:      lemuel_insect_pit, lemuel_statue_altar, uniq_sigmund
D:6:      gammafunk_temple_overflow_wave, minmay_temple_entry_overgrown,
          dk_rats_in_the_wall
D:7:      kennysheep_mini_moat, serial_shops, shop
D:8:      cheibriados_altar_1, special_room, the_bakery, minmay_mini_ossuary
D:9:      overflow_temple_1_default, kennysheep_little_box,
          overflow_temple_1_default, lair_0_dummy, serial_shops, shop_fountains,
          grunt_decor_fettered
Temple:   eino_temple_water_12
Lair:1:   grunt_megastairs_3
Lair:2:   serial_bayou_shore_a
Lair:3:   minmay_shoals_entry_hut, basic_altar, enter_volcano_4,
          forest_entry_grove, grunt_megastairs_4, serial_bayou_shore_b,
          lemuel_fruit_tree, lemuel_fruit_fields, uniq_harold
Sewer:    kennysheep_pipe_town

Action                   |  1- 3 |  4- 6 |  7- 9 | 10-12 || total
-------------------------+-------+-------+-------+-------++-------
Melee: Unarmed           |   173 |   329 |   508 |   711 ||  1721
Throw: Tomahawk          |       |     4 |     6 |       ||    10
 Cast: Apportation       |     1 |       |       |       ||     1
       Blink             |       |     2 |     3 |    23 ||    28
Invok: Minor Destruction |       |       |       |     1 ||     1
       Lesser Servant of |       |       |       |     1 ||     1
  Use: Scroll            |     4 |    12 |     5 |    13 ||    34
       Potion            |       |       |     1 |     7 ||     8
 Stab: Invisible         |       |       |       |     1 ||     1
  Eat: Chunk             |     8 |    10 |    17 |    28 ||    63
